 Dungeon Crawl Stone Soup version 0.26.1-11-gd32895ea62 (webtiles) character file.

Game seed: 8640399846244531295

3613 hawla the Destroyer (level 9, -1/99 (108) HPs)
             Began as a White Draconian Conjurer on July 7, 2021.
             Incinerated by Alvadar's ghost (3 damage)
             ... with a sticky flame
             ... on level 7 of the Dungeon.
             The game lasted 00:21:45 (9660 turns).

hawla the Destroyer (White Draconian Conjurer)      Turns: 9660, Time: 00:21:46

HP:   -1/99 (108)   AC: 24    Str: 10    XL:     9   Next: 86%
MP:   6/25          EV:  2    Int: 21    God:
Gold: 424           SH:  0    Dex: 10    Spells: 11/18 levels left

rFire    . . .     SeeInvis .   B - +5 quarterstaff (chaos)
rCold    . . .     Faith    .   (shield currently unavailable)
rNeg     + + +     Spirit   .   (armour unavailable)
rPois    +         Reflect  .   (helmet currently unavailable)
rElec    .         Harm     .   (cloak currently unavailable)
rCorr    .         Rampage  .   (gloves currently unavailable)
Will     +....     NoTele   +   (boots currently unavailable)
Stlth    +.........             (no amulet)
HPRegen  0.26/turn              j - ring of willpower
MPRegen  0.19/turn              D - ring of magical power

@: brilliant, liquid flames, tree-form, very slightly contaminated, glowing,
drained, invisible (but backlit and visible)
A: (breathe frost), unfitting armour, AC +7
a: no special abilities


You were on level 7 of the Dungeon.
You were a tree.
You visited 2 branches of the dungeon, and saw 8 of its levels.

You collected 424 gold pieces.

Inventory:

Hand Weapons
 B - a +5 quarterstaff of chaos (weapon)
Missiles
 a - 3 silver boomerangs
 x - 16 boomerangs
 y - 17 poisoned darts (quivered)
Armour
 c - a +1 pair of boots (melded)
 f - a +0 buckler
 m - a +2 cloak (melded)
Jewellery
 j - a ring of willpower (left branch)
 D - a ring of magical power (right branch)
Wands
 k - a wand of disintegration (12)
 r - a wand of polymorph (11)
 w - a wand of digging (9)
Scrolls
 d - 4 scrolls of remove curse
 g - 2 scrolls of amnesia
 l - a scroll of enchant armour
 o - 2 scrolls of magic mapping
Potions
 b - a potion of might
 e - 2 potions of curing
 h - a potion of invisibility
 i - a potion of haste
 n - a potion of attraction
 q - a potion of berserk rage
 t - a potion of brilliance
 z - 3 potions of flight {unknown}
 A - a potion of heal wounds {unknown}
 E - a potion of degeneration {unknown}
 F - a potion of ambrosia {unknown}


   Skills:
 + Level 4.4 Fighting
 + Level 4.8 Staves
 + Level 4.9 Dodging
 + Level 4.0 Stealth
 + Level 5.3 Spellcasting
 + Level 8.3 Conjurations
 + Level 5.6 Translocations
 + Level 0.1 Evocations


You had 11 spell levels left.
You knew the following spells:

 Your Spells              Type           Power        Failure   Level
a - Magic Dart            Conj           100%         1%          1
b - Searing Ray           Conj           100%         1%          2
c - Iskenderun's Mystic   Conj/Tloc      51%          6%          4

Your spell library contained the following spells:

 Spells                   Type           Power        Failure   Level
 Dazzling Flash           Conj/Hex       68%          5%          3
 Fulminant Prism          Conj/Hex       17%          19%         4


Dungeon Overview and Level Annotations

Branches:
Dungeon (7/15)             Temple (1/1) D:4

Altars:
Ashenzari
Cheibriados
Dithmenos
Elyvilon
Fedhas
Gozag
Hepliaklqana
Kikubaaqudgha
Makhleb
Nemelex Xobeh
Okawaru
Qazlal
Ru
Sif Muna
Trog
Uskayaw
Wu Jian
Xom
Yredelemnul
Zin
The Shining One

Annotations:
D:1 money across the water
D:3 2 transporters, bnorton916's ghost, amateur DEIE
D:7 Alvadar's ghost, novice DEFE


Innate Abilities, Weirdness & Mutations

((You can breathe waves of freezing cold.))
((You can buffet flying creatures when you breathe cold.))
((Your icy white scales are hard. (AC +7)))
You cannot fit into any form of body armour.
((Your flesh is cold resistant. (rC+)))
((You are cold-blooded and may be slowed by cold attacks.))


Message History

You feel a surge of power!
You erupt in a blast of force!
The mystic blast hits the big kobold!
You kill the big kobold!
The mystic blast hits Alvadar's ghost!
Alvadar's ghost is heavily damaged.
Alvadar's ghost is knocked back by the mystic blast.
You are covered in liquid flames!
* * * LOW HITPOINT WARNING * * *
Unknown command.
You feel better.
You are covered in liquid flames!
* * * LOW HITPOINT WARNING * * *
Unknown command.
Okay, then.
It was a potion of lignification.
You turn into a tree.
Your +2 cloak melds into your body.
Your +1 pair of boots melds into your body.
Your roots penetrate the ground.
You are covered in liquid flames!
You die...

.........###.#.#.#.#
.........##...#..'.##
.^...##..##?..§§§§§§#
.....##..##:..#§§§§§#
##...##...##.#§#K#K§#
##...##....##.§§##§W#
..<..##....######§§§#
.....##....##...###K#
.....'..........♣WKK#
#######.........#####
# #....###### #
###### # # # ### ..#


You could see 3 big kobolds and Alvadar's ghost.

Vanquished Creatures
  Pikel (D:4)
  Prince Ribbit (D:6)
  Sigmund (D:4)
  Duvessa (D:7)
  2 orc warriors (D:6)
  An ice beast (D:5)
  2 ogres
  A black bear (D:7)
  A phantom (D:7)
  A necrophage (D:7)
  4 lemures
  A centaur (D:7)
  Blork the orc (D:6)
  6 big kobolds (D:7)
  2 bullfrogs
  3 scorpions
  Dowan (D:7)
  2 howler monkeys
  2 hounds
  A quasit (D:7)
  2 orc priests
  Crazy Yiuf (D:4)
  3 bullfrog skeletons
  2 jellies (D:5)
  2 centaur skeletons
  2 iguanas
  7 orc wizards
  4 worker ants
  A hound skeleton (D:6)
  3 gnolls
  A howler monkey skeleton (D:3)
  7 adders
  A shadow imp (D:6)
  A white imp (D:6)
  An ooze (D:3)
  A worm (D:4)
  A dart slug (D:3)
  4 leopard geckos
  20 orcs
  5 bats
  3 giant cockroaches
  7 goblins
  10 hobgoblins
  14 jackals
  5 quokkas
  A ball python (D:5)
  5 frilled lizards
  A giant cockroach zombie (D:6)
  7 kobolds
  5 rats
162 creatures vanquished.

Vanquished Creatures (others)
  A plant (D:3)
1 creature vanquished.

Grand Total: 163 creatures vanquished

Notes
Turn   | Place    | Note
-------+----------+-------------------------------------------
     0 | D:1      | hawla the Draconian Conjurer began the quest for the Orb.
     0 | D:1      | Reached XP level 1. HP: 14/14 MP: 3/3
   410 | D:1      | Reached skill level 1 in Fighting
   410 | D:1      | Reached XP level 2. HP: 23/23 MP: 3/5
   413 | D:1      | Learned a level 2 spell: Searing Ray
   499 | D:1      | Reached skill level 1 in Translocations
  1070 | D:1      | Reached XP level 3. HP: 28/28 MP: 4/6
  1808 | D:3      | Noticed a phantom
  1812 | D:3      | Found a transporter.
  1812 | D:3      | Noticed bnorton916's ghost (amateur DEIE)
  2194 | D:3      | Reached XP level 4. HP: 20/35 MP: 3/7
  2203 | D:3      | Learned a level 4 spell: Iskenderun's Mystic Blast
  2641 | D:3      | Found a transporter.
  2899 | D:4      | Reached skill level 5 in Conjurations
  3081 | D:4      | Reached XP level 5. HP: 38/40 MP: 1/8
  3230 | D:4      | Noticed Sigmund
  3337 | D:4      | Killed Sigmund
  3338 | D:4      | Reached skill level 6 in Conjurations
  3338 | D:4      | Reached XP level 6. HP: 47/47 MP: 5/9
  3484 | D:4      | Noticed Pikel
  3612 | D:4      | Found a staircase to the Ecumenical Temple.
  3616 | Temple   | Entered the Ecumenical Temple
  4518 | D:4      | Found a runed translucent door.
  4519 | D:4      | Noticed Crazy Yiuf
  4565 | D:4      | Killed Crazy Yiuf
  4664 | D:5      | Entered Level 5 of the Dungeon
  4812 | D:5      | Your scales start taking on an icy white colour.
  4812 | D:5      | Reached XP level 7. HP: 52/52 MP: 1/10
  4812 | D:5      | Gained mutation: Your flesh is cold resistant. (rC+) [White
                  | Draconian growth]
  5316 | D:5      | Found a shimmering altar of Xom.
  5535 | D:4      | Reached skill level 7 in Conjurations
  5562 | D:5      | Reached skill level 1 in Staves
  5988 | D:4      | Killed Pikel
  5989 | D:4      | Reached XP level 8. HP: 9/61 MP: 3/13
  6749 | D:6      | Noticed Blork the orc
  6749 | D:6      | Found a bloodstained altar of Trog.
  6749 | D:6      | Found a shimmering altar of Xom.
  6749 | D:6      | Found a white marble altar of Elyvilon.
  6759 | D:6      | Killed Blork the orc
  6760 | D:6      | Found a hazy altar of Hepliaklqana.
  6761 | D:6      | Found a shimmering altar of Xom.
  6761 | D:6      | Found a broken altar of Ashenzari.
  7218 | D:6      | Reached skill level 5 in Translocations
  7398 | D:6      | Reached XP level 9. HP: 66/69 MP: 0/15
  7840 | D:6      | Noticed Prince Ribbit
  7850 | D:6      | Killed Prince Ribbit
  8075 | D:7      | Reached skill level 8 in Conjurations
  8479 | D:7      | Reached skill level 5 in Spellcasting
  9090 | D:7      | Noticed Duvessa
  9090 | D:7      | Noticed Dowan
  9095 | D:7      | Killed Dowan
  9130 | D:7      | Killed Duvessa
  9445 | D:7      | Found a runed translucent gate.
  9445 | D:7      | Found a runed translucent gate.
  9445 | D:7      | Found a runed translucent gate.
  9445 | D:7      | Noticed Alvadar's ghost (novice DEFE)
  9658 | D:7      | HP: 1/64 [burnt (5)]
  9660 | D:7      | Incinerated by Alvadar's ghost

Illustrated notes

Levels and vault maps discovered:
D:1:      elethiomel_arrival_quiet, layout_loops_ring,
          corexii_item_surrounded_by_moat
D:2:      layout_rooms
D:3:      minmay_evil_eye, layout_basic, gammafunk_ghost_mausoleum,
          hangedman_decor_growths, grunt_ministairs_1, serial_bayou_ford_a
D:4:      kennysheep_six_static_rooms, layout_basic, minmay_temple_entry_fiery,
          uniq_sigmund, uniq_crazy_yiuf_cottage, uniq_pikel
D:5:      layout_cave_pools, basic_altar, minmay_misc_feat_encased
D:6:      layout_loops_ring, doesnt_xom_only_xom, uniq_prince_ribbit1,
          uniq_blork_the_orc
D:7:      layout_gridville, gammafunk_ghost_nasty_kobolds, uniq_duvessa
Temple:   roderic_octagonal_lattice_temple

Skill      XL: |  1  2  3  4  5  6  7  8  9 |
---------------+----------------------------+-----
Fighting       | 1 2 3 4 |  4.4
Translocations | 1 2 3 4 5 |  5.6
Conjurations   | 5 6 7 8 |  8.3
Dodging        | 2 3 4 |  4.9
Stealth        | 2 3 4 |  4.0
Staves         | 2 4 |  4.8
Spellcasting   | 3 4 5 |  5.3
Evocations     | |  0.1

Action                   |  1- 3 |  4- 6 |  7- 9 || total
-------------------------+-------+-------+-------++-------
Melee: Unarmed           |     8 |       |       ||     8
       Dagger            |    49 |    31 |       ||    80
       Tailslap          |       |     6 |    13 ||    19
       Quarterstaff      |       |    16 |   168 ||   184
 Cast: Magic Dart        |    42 |     8 |     8 ||    58
       Searing Ray       |    10 |    18 |    23 ||    51
       Iskenderun's Myst |       |     5 |    35 ||    40
 Abil: Breathe Frost     |       |       |     1 ||     1
Evoke: Wand              |       |       |     1 ||     1
  Use: Scroll            |     5 |     2 |    11 ||    18
       Potion            |       |       |     7 ||     7
 Stab: Sleeping          |       |       |     3 ||     3
Armor: Skin              |    22 |    38 |   101 ||   161
Dodge: Dodged            |    64 |    43 |   140 ||   247
